 Dungeon Crawl Stone Soup version 0.28.0 (webtiles) character file.

Game seed: 17377413631662985616

194638 Hasart the Spear-Bearer (level 17, -4/140 HPs)
             Began as a Demigod Fighter on Feb 9, 2022.
             Killed by the air
             ... invoked by a wind drake
              (18 damage)
             ... on level 2 of the Shoals on Feb 10, 2022.
             The game lasted 01:34:07 (32690 turns).

Hasart the Spear-Bearer (Demigod Fighter)          Turns: 32690, Time: 01:34:08

Health: -4/140     AC: 16    Str: 37    XL:     17   Next: 48%
Magic:  29/29      EV: 17    Int: 13    God:
Gold:   1847       SH: 27    Dex: 21    Spells: 21/26 levels left

rFire   . . .      SeeInvis .   a - +6 demon trident (freeze)
rCold   + . .      Faith    .   b - +4 tower shield {rPois}
rNeg    . . .      Spirit   .   V - +0 ring mail "Qugickol" {rElec rC+ Regen+ Int-4}
rPois   +          Reflect  +   W - +1 helmet of Kecol {rCorr}
rElec   +          Harm     .   K - +2 cloak {Will+}
rCorr   +          Rampage  .   C - +0 pair of gloves
Will    +++..      NoTele   +   v - +0 pair of boots
Stlth   +.........              h - amulet "Atraqaty" {Reflect -Tele Fly rPois Str+6 SH+5}
HPRegen 1.13/turn               y - ring of willpower
MPRegen 0.21/turn               G - ring "Ceata" {rCorr Str+6 Int+3}

@: flying, studying 3 skills
A: high MP 1, forlorn, divine attributes
a: no special abilities


You were on level 2 of the Shoals.
You visited 5 branches of the dungeon, and saw 27 of its levels.
You also visited: Sewer, Bailey and Ice Cave.

You collected 2579 gold pieces.
You spent 732 gold pieces at shops.

Inventory:

Hand Weapons
 a - a +6 demon trident of freezing (weapon)
 l - the +10 spear "Hisuz" {vorpal, rElec rPois rF+}
   (You found it on level 5 of the Dungeon)

   It inflicts extra damage upon your enemies.
   rF:        It protects you from fire.
   rElec:     It insulates you from electricity.
   rPois:     It protects you from poison.
 Z - the +13 scythe of Curses {drain, Drain}
   (You found it in an ice cave)

   A truly terrible weapon, it drains the life of any living foe it strikes.
   It inflicts powerful necromantic curses on any living foe it strikes.
   Drain:     It drains your maximum health when unequipped.
Missiles
 j - 3 throwing nets
 k - 7 javelins
 z - 17 boomerangs (quivered)
Armour
 b - a +4 tower shield of poison resistance (worn)
 v - a +0 pair of boots (worn)
 C - a +0 pair of gloves (worn)
 K - a +2 cloak of willpower (worn)
 O - a +0 troll leather armour
 U - a +1 buckler of cold resistance
 V - the +0 ring mail "Qugickol" (worn) {rElec rC+ Regen+ Int-4}
   (You found it in an ice cave)

   Int:       It affects your intelligence (-4).
   rC:        It protects you from cold.
   rElec:     It insulates you from electricity.
   Regen:     It increases your rate of health regeneration.
 W - the +1 helmet of Kecol (worn) {rCorr}
   (You found it on level 2 of the Lair of Beasts)

   rCorr:     It protects you from acid and corrosion.
Jewellery
 h - the amulet "Atraqaty" (around neck) {Reflect -Tele Fly rPois Str+6 SH+5}
   (You found it on level 3 of the Dungeon)

   [amulet of reflection]

   It reflects blocked missile attacks.
   Str:       It affects your strength (+6).
   rPois:     It protects you from poison.
   Fly:       It grants you flight.
   -Tele:     It prevents most forms of teleportation.
   SH:        It affects your SH (+5).
 i - a ring of poison resistance
 u - a ring of resist corrosion
 y - a ring of willpower (left hand)
 G - the ring "Ceata" (right hand) {rCorr Str+6 Int+3}
   (You found it on level 4 of the Dungeon)

   [ring of strength]

   Str:       It affects your strength (+6).
   Int:       It affects your intelligence (+3).
   rCorr:     It protects you from acid and corrosion.
 H - a ring of protection from cold
 J - an amulet of regeneration
Wands
 g - a wand of digging (10)
 D - a wand of iceblast (13)
 S - a wand of acid (11)
 X - a wand of mindburst (26)
Scrolls
 c - a scroll of summoning
 e - a scroll of enchant weapon
 n - 3 scrolls of fog
 r - 4 scrolls of amnesia
 t - 13 scrolls of teleportation
 x - a scroll of silence
 E - 7 scrolls of blinking
 M - a scroll of magic mapping
 P - a scroll of fear
Potions
 d - 6 potions of might
 f - 4 potions of resistance
 m - 3 potions of heal wounds
 o - 6 potions of invisibility
 p - 2 potions of haste
 q - a potion of berserk rage
 s - 9 potions of curing
 w - 3 potions of cancellation
 B - 7 potions of mutation
 I - 5 potions of lignification
 L - 2 potions of ambrosia
 T - 3 potions of magic


   Skills:
 + Level 10.1 Fighting
 - Level 4.5 Maces & Flails
 * Level 12.9 Polearms
 + Level 9.8 Throwing
 + Level 10.0 Armour
 + Level 11.5 Dodging
 + Level 10.2 Shields
 + Level 5.2 Spellcasting
 + Level 6.2 Transmutations
 + Level 8.2 Air Magic
 + Level 8.1 Evocations


You had 21 spell levels left.
You knew the following spells:

 Your Spells              Type           Power      Damage    Failure   Level
a - Swiftness             Air            24%        N/A       14%         3
b - Wereblood             Tmut           19%        N/A       17%         2

Your spell library contained the following spells:

 Spells                   Type           Power      Damage    Failure   Level
 Shock                    Conj/Air       56%        1d6       26%         1
 Static Discharge         Conj/Air       14%        N/A       36%         2
 Airstrike                Air            12%        N/A       43%         4
 Passwall                 Tmut/Erth      9%         N/A       52%         2
 Mephitic Cloud           Conj/Pois/Air  10%        N/A       80%         3
 Animate Skeleton         Necr           6%         N/A       82%         1
 Apportation              Tloc           6%         N/A       82%         1
 Foxfire                  Conj/Fire      12%        2x1d4     82%         1
 Magic Dart               Conj           12%        1d3       82%         1
 Pain                     Necr           12%        1d4       82%         1
 Sandblast                Erth           6%         2d5       82%         1
 Summon Small Mammal      Summ           12%        N/A       82%         1
 Ignite Poison            Fire/Tmut/Pois 8%         N/A       88%         3
 Call Imp                 Summ           3%         N/A       91%         2
 Scorch                   Fire           6%         2d5       91%         2
 Sublimation of Blood     Necr           3%         N/A       91%         2
 Conjure Flame            Conj/Fire      3%         6-21      99%         3
 Frozen Ramparts          Ice            6%         1d2       99%         3
 Inner Flame              Hex/Fire       3%         N/A       99%         3
 Stone Arrow              Conj/Erth      6%         3d7       99%         3
 Summon Guardian Golem    Hex/Summ       3%         N/A       99%         3
 Tukima's Dance           Hex            3%         N/A       99%         3
 Vampiric Draining        Necr           3%         2d6       99%         3
 Anguish                  Hex/Necr       1%         N/A       100%        4
 Flame Wave               Conj/Fire      3%         2d4       100%        4
 Hailstorm                Conj/Ice       3%         3d3       100%        4
 Sticky Flame             Conj/Fire      3%         2d3       100%        4
 Freezing Cloud           Conj/Ice/Air   5%         6-21      100%        5
 Lightning Bolt           Conj/Air       7%         1d19      100%        5
 Iron Shot                Conj/Erth      1%         9d1       100%        6
 Simulacrum               Ice/Necr       1%         N/A       100%        6
 Statue Form              Tmut/Erth      7%         N/A       100%        6
 Summon Cactus Giant      Summ           1%         N/A       100%        6
 Enfeeble                 Hex            1%         N/A       100%        7
 Orb of Destruction       Conj           1%         9d5       100%        7
 Spellforged Servitor     Conj/Summ      1%         N/A       100%        7
 Summon Hydra             Summ           1%         N/A       100%        7
 Maxwell's Capacitive Co  Air            12%        ∞         100%        8
 Polar Vortex             Ice            1%         N/A       100%        9


Dungeon Overview and Level Annotations

Branches:
Dungeon (15/15)            Temple (0/1) D:6            Lair (6/6) D:11
 Shoals (2/4) Lair:3       Spider (0/4) Lair:4        Slime (0/5) Lair:6
    Orc (2/2) D:10            Elf (2/3) Orc:2        Vaults (0/5) D:14
 Depths (0/4) D:15          Sewer (visited)          Bailey (visited)
  IceCv (visited)

Shops:
D:1 (   D:12 *   D:15 !**   Orc:2 *!**:

Annotations:
D:7 1 runed translucent door, Crazy Yiuf
D:9 3 runed translucent doors
Shoals:2 Ilsuiw
Elf:2 3 runed translucent doors


Innate Abilities, Weirdness & Mutations

You have an increased reservoir of magic. (+10% MP)
You shall have no god before yourself.
Your divine heritage dramatically boosts your attributes as you level up.


Message History

Something seems to be corroded for longer.
The bolt of acid misses the merfolk siren.
The merfolk siren chants a haunting song.
You resist with almost no effort. You block the water elemental's attack.
The water elemental hits you!
* * * LOW HITPOINT WARNING * * *
Unknown command.
Unknown command.
Unknown command.
Unknown command.
Unknown command.
You feel much better.
Ilsuiw appears from thin air!
Reactivating autopickup.
You block the merfolk siren's attack. You block the water elemental's attack.
The water elemental barely misses you. The wind drake flaps its wings at you.
The air twists around and strikes you!
* * * LOW HITPOINT WARNING * * *
Ilsuiw casts a spell.
Unknown command.
The water elemental disappears in a puff of smoke! x2
You block the merfolk siren's attack.
The wind drake exhales a fierce blast of wind!
The merfolk siren chants a haunting song.
You resist with almost no effort. The wind drake flaps its wings at you.
The air twists around and strikes you!
* * * LOW HITPOINT WARNING * * *
The merfolk siren chants a haunting song.
You resist with almost no effort.
You feel much better. The wind drake flaps its wings at you.
The air twists around and strikes you!
* * * LOW HITPOINT WARNING * * *
The merfolk siren hits you from afar with a +0 spear!
* * * LOW HITPOINT WARNING * * *
Unknown command.
The wind drake flaps its wings at you. The air twists around and strikes you!!
You die...

≈≈≈≈≈≈≈≈≈≈≈≈≈≈≈≈≈≈P≈≈≈P.≈≈≈≈≈≈≈≈≈
≈≈≈≈≈≈≈≈≈≈≈≈≈≈≈≈≈≈≈≈..m.....≈≈≈≈≈
≈..≈≈≈≈≈≈≈PP≈≈≈≈≈≈).....####..≈≈≈
...≈≈≈≈≈≈P≈≈≈≈P≈≈..###.E.# #..≈≈≈
..≈≈≈≈≈≈...≈≈≈≈≈≈..# #...###.[≈..
...≈≈≈≈≈.##.≈≈≈≈≈m.###...##.≈≈≈≈.
#..≈≈≈≈≈.#.P≈≈≈).....k≈≈≈≈≈≈≈≈≈≈.
#!.≈≈≈≈≈≈≈P≈≈≈≈.....m.mE≈≈≈≈≈≈≈≈.
..≈≈≈..≈≈≈≈≈≈≈..@##.≈.≈≈≈≈≈≈≈≈≈≈.
.........≈≈≈≈...###P≈....≈≈≈≈≈≈≈≈
≈≈≈≈...#.≈≈≈≈..)###P...##.≈≈≈≈≈≈≈
≈≈≈≈≈....≈≈≈≈.≈≈..PP≈.###≈≈≈≈PPPP
≈≈≈≈≈≈≈≈.≈≈≈≈≈.....≈≈≈..≈≈≈≈≈≈≈P≈
≈≈≈≈≈≈≈≈≈≈≈≈≈≈≈...(≈≈≈≈≈≈≈≈≈≈≈P≈≈
≈≈≈≈≈≈≈≈≈≈≈≈≈≈≈≈≈≈≈≈≈≈≈≈≈≈≈≈PP≈≈≈
≈≈≈≈≈≈m≈≈≈≈≈≈≈≈≈≈...≈≈≈≈≈≈≈≈≈PPP≈
≈≈≈≈≈≈≈≈≈≈≈≈≈≈.........≈≈≈≈≈≈≈P≈


You could see Ilsuiw (corroded), a wind drake (repels missiles, corroded), a
water elemental (summoned) and 2 merfolk sirens.

Vanquished Creatures
  A frost giant (D:15)
  Roxanne (Elf:2)
  An orc warlord (Bailey)
  A deep elf elementalist (Elf:1)
  2 very ugly things (IceCv)
  A dire elephant (Lair:6)
  Josephine (Shoals:1)
  A merfolk impaler (Shoals:2)
  A deep elf high priest (Elf:1)
  3 vault guards (D:14)
  4 boulder beetles
  Fannar (D:11)
  A caustic shrike simulacrum (IceCv)
  6 hydras
  2 catoblepae
  9 centaur warriors
  A merfolk avatar (Lair:6)
  11 dancing weapons
  3 two-headed ogres
  5 tengu warriors
  11 death yaks
  4 deep elf knights
  5 skeletal warriors (D:13)
  6 sea snakes
  2 orange crystal statues (IceCv)
  6 deep elf archers
  13 orc knights
  11 deep elf zephyrmancers
  2 harpies (Lair:6)
  11 deep elf pyromancers
  A wolf spider (Lair:5)
  A faun (Shoals:1)
  An oklob plant (Lair:6)
  9 cyclopes
  5 manticores
  16 ugly things
  An elephant (Lair:6)
  Maurice (D:9)
  A black mamba (Lair:5)
  A merfolk siren (Shoals:1)
  A water nymph (Shoals:1)
  2 gargoyles
  An ice statue (D:9)
  11 cane toads
  Maggie (D:9)
  3 unseen horrors (Elf:1)
  2 golden dragon simulacra (IceCv)
  3 anaconda simulacra (IceCv)
  2 rime drakes
  10 komodo dragons
  3 tengu conjurers
  An efreet (D:15)
  3 freezing wraiths (IceCv)
  4 polar bears
  A hornet (Lair:5)
  8 merfolk
  5 wind drakes
  7 trolls
  9 snapping turtles
  44 blink frogs
  5 dream sheep (Lair:4)
  A culicivora (shapeshifter) (D:13)
  3 wyverns
  4 wraiths
  31 yaks
  4 water elementals
  6 basilisks
  8 humans (D:14)
  11 vampire mosquitoes
  Menkaure (D:4)
  A steam dragon (Lair:6)
  A harpy simulacrum (IceCv)
  7 wargs
  A hydra simulacrum (IceCv)
  2 acid dragons (D:11)
  8 water moccasins
  2 sky beasts (D:7)
  3 ettin simulacra (IceCv)
  2 black bears
  40 orc warriors
  Pargi (Sewer)
  4 necrophages
  2 ice beasts
  5 alligator simulacra (IceCv)
  17 wolves
  3 ogres
  8 centaurs
  3 phantoms
  3 kobold brigands
  10 bullfrogs
  A wyvern skeleton (D:7)
  2 scorpions
  A water moccasin zombie (D:5)
  A lindwurm simulacrum (IceCv)
  5 wights (D:8)
  4 centaur zombies
  A howler monkey (D:6)
  A bullfrog zombie (D:5)
  3 hounds
  15 orc priests
  2 jellies (D:6)
  A bullfrog skeleton (D:6)
  6 iguanas
  10 orc wizards
  4 hell rats (Lair:5)
  A killer bee zombie (D:8)
  2 hound skeletons
  A mummy (D:4)
  Robin (D:2)
  A gnoll (D:5)
  3 adders
  2 shadow imps
  A white imp (D:7)
  An adder skeleton (D:4)
  4 worms
  A dart slug (D:5)
  96 orcs
  5 ball pythons
  8 endoplasms
  4 giant cockroaches
  16 hobgoblins
  25 kobolds
  7 quokkas
  5 bats
  7 frilled lizards
  18 goblins
  10 rats
758 creatures vanquished.

Vanquished Creatures (collateral kills)
  A hound skeleton (D:4)
1 creature vanquished.

Vanquished Creatures (others)
  Psyche (D:11)
  A human (D:14)
  2 orc wizards
  3 bushes
  56 fungi
  94 plants
157 creatures vanquished.

Grand Total: 916 creatures vanquished

Notes
Turn   | Place    | Note
-------+----------+-------------------------------------------
     0 | D:1      | Hasart the Demigod Fighter began the quest for the Orb.
     0 | D:1      | Reached XP level 1. HP: 18/18 MP: 3/3
   220 | D:1      | Reached XP level 2. HP: 25/25 MP: 4/4
  1065 | D:1      | Found Naheug's Antique Weapon Shop.
  1314 | D:2      | Reached XP level 3. HP: 28/30 MP: 5/5
  1379 | D:2      | Reached skill level 1 in Dodging
  1816 | D:2      | Noticed Robin
  1833 | D:2      | Killed Robin
  2407 | D:3      | Identified the amulet "Atraqaty" {Reflect -Tele Fly rPois
                  | Str+6 SH+5}
  2467 | D:3      | Reached XP level 4. HP: 38/38 MP: 6/6
  3500 | D:3      | Reached XP level 5. HP: 34/45 MP: 7/7
  4032 | D:4      | Found a transporter.
  4037 | D:4      | Noticed Menkaure
  4048 | D:4      | Found a transporter.
  5165 | D:5      | Entered Level 5 of the Dungeon
  5223 | D:5      | Noticed a necrophage
  5252 | D:4      | Killed a necrophage
  5253 | D:4      | Reached XP level 6. HP: 48/52 MP: 8/8
  5751 | D:5      | Reached XP level 7. HP: 58/58 MP: 9/9
  5772 | D:5      | Identified the +10 spear "Hisuz" {vorpal, rElec rPois rF+}
  5906 | D:4      | Reached skill level 1 in Polearms
  6047 | D:5      | Reached skill level 2 in Polearms
  6332 | D:6      | Reached XP level 8. HP: 64/67 MP: 10/10
  6356 | D:6      | Reached skill level 3 in Polearms
  6427 | D:6      | Found a glowing drain.
  6431 | Sewer    | Entered a sewer
  6486 | Sewer    | Noticed Pargi
  6491 | Sewer    | Killed Pargi
  6593 | D:6      | You are sucked into a shaft and drop 3 floors!
  6677 | D:9      | Reached skill level 5 in Fighting
  6677 | D:9      | Reached skill level 4 in Polearms
  6677 | D:9      | Reached skill level 5 in Armour
  6677 | D:9      | Reached skill level 5 in Shields
  7055 | D:8      | Identified the +5 rapier of Perversion {speed, rF+}
  7119 | D:8      | Reached XP level 9. HP: 68/74 MP: 11/11
  7127 | D:8      | Reached skill level 5 in Polearms
  7205 | D:8      | Noticed a red ugly thing
  7205 | D:8      | Noticed a deep elf pyromancer
  7217 | D:8      | Killed a deep elf pyromancer
  7242 | D:8      | Found a flagged portal.
  7262 | D:8      | Reached skill level 5 in Dodging
  7283 | Bailey   | Entered a bailey
  7298 | Bailey   | Noticed an orc warlord
  7338 | Bailey   | Reached skill level 1 in Throwing
  7457 | Bailey   | Found a runed translucent gate.
  7459 | Bailey   | Found a runed translucent gate.
  7464 | Bailey   | Found a runed translucent gate.
  7734 | Bailey   | Killed an orc warlord
  7735 | Bailey   | Reached skill level 5 in Throwing
  7735 | Bailey   | Reached XP level 10. HP: 83/83 MP: 13/13
  7739 | Bailey   | Learned a level 3 spell: Swiftness
  8114 | D:7      | Reached skill level 6 in Polearms
  8311 | D:7      | Found a runed translucent door.
  8312 | D:7      | Noticed Crazy Yiuf
  8600 | D:6      | Found a staircase to the Ecumenical Temple.
  8656 | D:6      | Reached skill level 1 in Air Magic
  8733 | D:6      | Reached skill level 1 in Evocations
  9151 | D:4      | Killed Menkaure
  9176 | D:4      | Identified the ring "Ceata" {rCorr Str+6 Int+3}
 10294 | D:9      | Noticed Maurice
 10318 | D:9      | Killed Maurice
 10593 | D:9      | Found a runed translucent door.
 10605 | D:9      | Found a runed translucent door.
 10623 | D:9      | Found a runed translucent door.
 10641 | D:9      | Noticed Maggie
 10652 | D:9      | Killed Maggie
 10762 | D:9      | Found a runed translucent door.
 10875 | D:9      | Noticed an ice statue
 10966 | D:9      | Killed an ice statue
 11164 | D:10     | Entered Level 10 of the Dungeon
 11486 | D:10     | Reached skill level 7 in Polearms
 11528 | D:10     | Noticed an orc knight
 11689 | D:9      | Killed an orc knight
 11690 | D:9      | Reached XP level 11. HP: 60/91 MP: 14/14
 11752 | D:10     | Noticed an orc knight
 11755 | D:10     | Found a staircase to the Orcish Mines.
 11804 | D:9      | Killed an orc knight
 12204 | D:11     | Noticed a two-headed ogre
 12214 | D:11     | Killed a two-headed ogre
 12273 | D:11     | Noticed Fannar
 12285 | D:11     | Killed Fannar
 12387 | D:11     | Noticed a boulder beetle
 12472 | Orc:1    | Entered Level 1 of the Orcish Mines
 12530 | Orc:1    | You are sucked into a shaft and drop 1 floor!
 12530 | Orc:2    | Entered Level 2 of the Orcish Mines
 12530 | Orc:2    | Found a staircase to the Elven Halls.
 12549 | Elf:1    | Entered Level 1 of the Elven Halls
 12564 | Orc:2    | Found Axzuanar's Book Boutique.
 12691 | Orc:2    | Noticed an orc knight
 12786 | Orc:2    | Killed an orc knight
 12840 | Orc:2    | Noticed an orc knight
 12906 | Orc:2    | Killed an orc knight
 12935 | Orc:2    | Noticed an orc knight
 12989 | Orc:2    | Killed an orc knight
 13119 | Orc:2    | Reached skill level 8 in Polearms
 13195 | Orc:2    | Noticed an orc knight
 13222 | Orc:2    | Killed an orc knight
 13540 | Orc:2    | Noticed an orc knight
 13587 | Orc:1    | Killed an orc knight
 13878 | Orc:2    | Noticed an orc knight
 13878 | Orc:2    | Noticed an orc knight
 14291 | Orc:1    | Killed an orc knight
 14461 | Orc:2    | Noticed an orc knight
 14526 | Orc:1    | Killed an orc knight
 14679 | Orc:1    | Killed an orc knight
 14680 | Orc:1    | Reached XP level 12. HP: 71/100 MP: 15/15
 14787 | Orc:2    | Found Fytotwip's Distillery.
 14787 | Orc:2    | Found Rifuyl's General Store.
 14793 | Orc:2    | Bought a potion of curing for 48 gold pieces
 14829 | Orc:2    | Found Sojua's General Store.
 14829 | Orc:2    | Found Fostonoc's Assorted Antiques.
 15049 | Orc:2    | Bought a +1 helmet of intelligence for 198 gold pieces
 15572 | D:11     | Noticed a four-headed hydra
 15574 | D:11     | Found a staircase to the Lair.
 15590 | D:11     | Killed a four-headed hydra
 16001 | D:11     | Noticed Psyche
 16008 | D:11     | Killed Psyche
 16009 | D:11     | Reached skill level 9 in Polearms
 16092 | D:11     | Killed a boulder beetle
 16191 | D:12     | Found Loqyffedev's Pet Rocks.
 16250 | D:12     | Bought a wand of digging (1) for 150 gold pieces
 16649 | D:12     | Noticed a boulder beetle
 16670 | D:12     | Killed a boulder beetle
 17272 | Lair:1   | Entered Level 1 of the Lair of Beasts
 17480 | Lair:1   | Reached skill level 5 in Evocations
 17815 | Lair:2   | Identified the +1 helmet of Kecol {rCorr}
 18158 | Lair:1   | Learned a level 2 spell: Wereblood
 18407 | Lair:2   | Reached skill level 5 in Air Magic
 18901 | Lair:2   | Reached skill level 1 in Spellcasting
 19125 | Lair:1   | Reached skill level 1 in Transmutations
 19158 | Lair:1   | Reached XP level 13. HP: 89/107 MP: 18/18
 20218 | Lair:3   | Found a staircase to the Shoals.
 20319 | Lair:4   | Identified 3 scrolls of acquirement
 20319 | Lair:4   | Acquired a manual of Dodging
 20322 | Lair:4   | Acquired a manual of Poison Magic
 20324 | Lair:4   | Acquired a +2 demon trident of venom
 20415 | Lair:4   | Found a hole to the Spider Nest.
 20458 | Lair:4   | Identified the +10 great sword of Hofihaim {drain, *Corrode
                  | +Blink Dex+5 Stlth+}
 20872 | Lair:4   | Reached skill level 10 in Polearms
 22645 | Lair:6   | Entered Level 6 of the Lair of Beasts
 22875 | Lair:6   | Noticed a dire elephant
 22917 | Lair:6   | Found a staircase to the Slime Pits.
 23400 | Lair:6   | Reached XP level 14. HP: 99/116 MP: 22/22
 23699 | Lair:6   | Got the Volume of Confrontation
 23711 | Lair:6   | Identified the +8 chain mail "Murphigao" {rC+}
 23789 | Lair:6   | Reached skill level 11 in Polearms
 23789 | Lair:6   | Reached XP level 15. HP: 123/123 MP: 22/24
 23790 | Lair:6   | Reached XP level 16. HP: 132/132 MP: 23/26
 25812 | D:14     | Reached skill level 10 in Dodging
 26181 | D:14     | Found a gate to the Vaults.
 26527 | D:14     | Reached skill level 5 in Transmutations
 26816 | D:15     | Entered Level 15 of the Dungeon
 26816 | D:15     | Found a frozen archway.
 26842 | IceCv    | Entered an ice cave
 27044 | IceCv    | Reached skill level 12 in Polearms
 27656 | IceCv    | Found the +13 scythe of Curses {drain, Drain}
 27663 | IceCv    | Identified the +0 ring mail "Qugickol" {rElec rC+ Regen+
                  | Int-4}
 27678 | IceCv    | Got the Incunabulum of Changing and Snow
 27726 | D:15     | Found Guv Wykk's Distillery.
 27734 | D:15     | Bought a potion of heal wounds for 60 gold pieces
 27734 | D:15     | Bought a potion of heal wounds for 60 gold pieces
 27734 | D:15     | Bought a potion of mutation for 96 gold pieces
 27734 | D:15     | Bought 2 potions of heal wounds for 120 gold pieces
 27863 | D:15     | Found Jokudiap's General Store.
 27903 | D:15     | Found Olitsak's General Store.
 28286 | D:15     | Found a staircase to the Depths.
 28354 | D:15     | Reached skill level 5 in Spellcasting
 29016 | Elf:1    | Reached XP level 17. HP: 134/139 MP: 25/28
 30291 | Elf:2    | Reached skill level 10 in Shields
 30440 | Elf:2    | Identified Roxanne's Grimoire of Earth
 30440 | Elf:2    | Noticed Roxanne
 30476 | Elf:2    | Killed Roxanne
 30486 | Elf:2    | Found a runed translucent gate.
 30487 | Elf:2    | Found a runed translucent gate.
 30488 | Elf:2    | Found a runed translucent gate.
 30856 | Elf:1    | Reached skill level 10 in Fighting
 30864 | Elf:2    | Noticed a Tzitzimitl
 31171 | Elf:2    | Noticed a Hell Sentinel
 31631 | Shoals:1 | Entered Level 1 of the Shoals
 31853 | Shoals:1 | Reached skill level 10 in Armour
 31888 | Shoals:1 | Noticed Josephine
 31910 | Shoals:1 | Killed Josephine
 32626 | Shoals:2 | Noticed Ilsuiw
 32688 | Shoals:2 | HP: 5/140 [wind drake/the air (16)]
 32690 | Shoals:2 | Killed from afar by a wind drake

Illustrated notes

Levels and vault maps discovered:
D:1:      sevenhm_arrival_forest_fort_small_6, layout_basic, serial_shops,
          nicolae_shop_hallway_stairs, minmay_misc_feat_room, minivault_4
D:2:      layout_basic, hellmonk_ecumenical_altar_crossroads, uniq_robin
D:3:      layout_rooms, serial_co_window_serial, co_window_corner_a,
          co_window_paths_a, co_window_cross_1, co_window_cross_1,
          co_window_paths_a, co_window_broadway_b, co_window_broadway_a,
          co_window_corner_ca, co_window_4corner_b, co_window_4corner_a,
          chequers_serial_rivers_micro_e
D:4:      layout_loops_corners, minmay_overflow_temple_star_hex,
          gammafunk_temple_of_torment
D:5:      layout_rooms, minmay_manual_monstrance
D:6:      layout_loops_ring, minmay_temple_entry_mini_moons,
          gup_sewer_entry_bowl
D:7:      layout_basic, uniq_crazy_yiuf_cottage
D:8:      layout_gridville, enter_bailey_2, kennysheep_small_spiral,
          grunt_decor_resistance, minmay_shattered_shrine
D:9:      layout_basic, fedhas_altar_3, minmay_misc_feat_chi,
          minmay_statue_crystal_thing, uniq_maggie, uniq_maurice
D:10:     layout_roguey, david_orc_5
D:11:     layout_basic, minmay_lair_entry_grove, minmay_lizard_king,
          uniq_psyche, uniq_fannar
D:12:     layout_cave_pods, minivault_1, guppyfry_shop_earth
D:13:     layout_small_grid, special_room [special_room_orc]
D:14:     layout_irregular_city, ximxim_vaults_locker_room, grunt_decor_fettered
D:15:     grunt_enter_depths_snipers, layout_irregular_city,
          portal_ice_cave_entry_pillars_1, serial_shops, shop, shop, shop,
          roderic_serpentine_path
Lair:1:   layout_hall_layers
Lair:2:   layout_layer_cave
Lair:3:   layout_layer_cave, minmay_shoals_entry_hut
Lair:4:   layout_gridlike, dummy_spider_entry, infiniplex_staircase_pool,
          grunt_megastairs_4
Lair:5:   layout_layer_cave, grunt_megastairs_1
Lair:6:   gammafunk_lair_ancient_temple, layout_regular_city, slime_dummy,
          grunt_forest_small_clearings
Shoals:1: layout_shoals, uniq_josephine
Shoals:2: layout_shoals, uniq_ilsuiw
Orc:1:    layout_caves
Orc:2:    st_orc_town, layout_caves, serial_shops, nicolae_diamond_shop
Elf:1:    elf_arrival_001, layout_loops_corners, serial_glass, glass_columns_a,
          glass_columns_a, glass_columns_c, glass_columns_c, glass_columns_a,
          glass_columns_a, due_unseen_surprise, feat_on_display,
          feat_on_display, basic_altar, kennysheep_underground_church
Elf:2:    elven_hall_of_blades_hangedman_original [mumra_blade_entry_bloodbath],
          layout_loops_cross, glass_columns_a, lemuel_elevator, uniq_roxanne

Skill      XL: |  1  2  3  4  5  6  7  8  9 10 11 12 13 14 15 16 17 |
---------------+----------------------------------------------------+-----
Maces & Flails | 2 3 4 |  4.5
Armour         | 3 4 5 6 7 8 9 10 | 10.0
Dodging        | 1 2 3 4 5 6 7 8 9 10 11 | 11.5
Fighting       | 3 4 5 6 7 8 9 10 | 10.1
Shields        | 3 4 5 6 7 8 9 10 | 10.2
Polearms       | 2 4 5 7 8 9 10 11 12 | 12.9
Throwing       | 5 6 7 8 9 |  9.8
Air Magic      | 2 4 5 6 7 8 |  8.2
Evocations     | 2 4 5 6 7 8 |  8.1
Spellcasting   | 1 3 5 |  5.2
Transmutations | 1 3 4 5 6 |  6.2

Action                   |  1- 3 |  4- 6 |  7- 9 | 10-12 | 13-15 | 16-18 || total
-------------------------+-------+-------+-------+-------+-------+-------++-------
Melee: Flail             |   163 |   166 |     8 |       |       |       ||   337
       Spear             |       |       |   266 |  1064 |   653 |   766 ||  2749
       Demon trident     |       |       |       |       |       |   496 ||   496
Throw: Boomerang         |       |       |    33 |    90 |    57 |   176 ||   356
 Cast: Wereblood         |       |       |       |       |     8 |    12 ||    20
       Swiftness         |       |       |       |       |       |     1 ||     1
Evoke: Wand              |       |       |       |     9 |       |     9 ||    18
  Use: Scroll            |       |     4 |     9 |     1 |    15 |     9 ||    38
       Potion            |       |       |       |     1 |     3 |     4 ||     8
 Stab: Distracted        |       |       |       |     1 |     1 |       ||     2
       Paralysed         |       |       |       |     6 |       |       ||     6
       Sleeping          |       |       |       |     3 |     2 |       ||     5
Armor: Scale mail        |     8 |       |       |     7 |       |       ||    15
       Plate armour      |    82 |    60 |    88 |    52 |       |       ||   282
       Troll leather arm |       |       |       |    41 |    88 |    77 ||   206
       Ring mail         |       |       |       |       |       |    80 ||    80
Dodge: Dodged            |    40 |    39 |    67 |   276 |   233 |   306 ||   961
Block: Buckler           |    38 |    66 |   123 |   331 |   274 |    89 ||   921
       Reflection        |       |       |    10 |    12 |       |    78 ||   100
       Tower shield      |       |       |       |       |       |   856 ||   856
